 Dungeon Crawl Stone Soup version 0.23-b1-6-ga921848b48 (webtiles) character file.

Game seed: 947793404055361416

1203 Revguard the Cudgeler (level 8, -3/64 HPs)
             Began as a Barachi Fighter on Feb 2, 2019.
             Was a Priest of Cheibriados.
             Slain by a vampire (7 damage)
             ... in the Ecumenical Temple.
             The game lasted 00:22:03 (5153 turns).

Revguard the Cudgeler (Barachi Fighter)             Turns: 5153, Time: 00:22:03

Health: -3/64      AC: 11    Str: 25    XL:     8   Next: 45%
Magic:  5/8        EV:  8    Int: 15    God:    Cheibriados [***...]
Gold:   182        SH: 13    Dex: 21    Spells: 7/7 levels left

rFire    + . .     SeeInvis .   d - +0 morningstar
rCold    x . .     Gourm    .   c - +1 shield
rNeg     . . .     Faith    .   j - +0 chain mail
rPois    .         Spirit   .   (no helmet)
rElec    .         Reflect  .   l - scarf {repulsion}
rCorr    .         Harm     .   e - +0 pair of gloves
MR       .....                  (no boots)
Stlth    ..........             (no amulet)
HPRegen  0.20/turn              o - ring of fire
MPRegen  0.11/turn              (no ring)

@: repel missiles, very slow
A: +LOS, swims, slowness 1, strong legs 1
a: Hop, Bend Time, Temporal Distortion, Renounce Religion


You were in the Ecumenical Temple.
You worshipped Cheibriados.
Cheibriados was most pleased with you.
You were very hungry.

You visited 2 branches of the dungeon, and saw 7 of its levels.
You also visited: Sewer.

You collected 182 gold pieces.

Inventory:

Hand Weapons
 a - a +0 flail
 d - a +0 morningstar (weapon)
Armour
 c - a +1 shield (worn)
 e - a +0 pair of gloves (worn)
 g - a +0 cloak
 j - a +0 chain mail (worn)
 l - a scarf of repulsion (worn)
Jewellery
 o - a ring of fire (left hand)
Scrolls
 b - 6 scrolls of identify
 h - a scroll of fog
 i - 2 scrolls of immolation
 p - 3 scrolls of teleportation
 s - 2 scrolls of enchant weapon {unknown}
Potions
 m - a potion of curing
 n - a potion of ambrosia
 q - a potion of agility
 r - 2 potions of invisibility
Comestibles
 f - 10 rations


   Skills:
 + Level 5.6 Fighting
 + Level 7.1 Maces & Flails
 + Level 6.1 Armour
 + Level 2.2 Dodging
 + Level 6.1 Shields
 + Level 0.1 Invocations


You had 7 spell levels left.
You didn't know any spells.
Your spell library contained the following spells:

 Spells                   Type           Power        Failure   Level  Hunger
 Confusing Touch          Hex            #.....       99%         1    ##.....
 Confuse                  Hex            #.......     100%        3    ####...
 Gell's Gravitas          Tloc           #.........   100%        3    ####...
 Petrify                  Tmut/Erth      #.......     100%        4    #####..
 Metabolic Englaciation   Hex/Ice        #.........   100%        5    ######.
 Yara's Violent Unravell  Hex/Tmut       #.........   100%        5    ######.


Dungeon Overview and Level Annotations

Branches:
Dungeon (6/15)             Temple (1/1) D:6

Altars:
Cheibriados
Elyvilon
Fedhas
Gozag
Hepliaklqana
Kikubaaqudgha
Qazlal
Sif Muna
Trog
Xom
Yredelemnul
Zin

Shops:
D:4 *


Innate Abilities, Weirdness & Mutations

Shadows flee at your approach. (+LOS)
You can swim through water.
You cover ground slowly.
You can hop short distances.


Message History

Something draws strength from your injuries!
You feel much better. Something hits you. Something bites you.
Something draws strength from your injuries!
Something hits you.
* * * LOW HITPOINT WARNING * * *
You block something's attack.
There is a staircase to the Ecumenical Temple here.
Something hits you!
* * * LOW HITPOINT WARNING * * *
Something bites you.
* * * LOW HITPOINT WARNING * * *
Something draws strength from your injuries!
You climb downwards.
Welcome to the Ecumenical Temple!
Reactivating autopickup.
Found ten altars.
There is a staircase back to the Dungeon here.
Something hits you but does no damage.
Deactivating autopickup; reactivate with Ctrl-A.
Something bites you!
You die...

...._..._..._.....
_..............._.
..................
..................
..................
......⌠...⌠.......
..................
..................
....⌠...<@..⌠.....
..................
..................
......⌠...⌠.......
..................
..................
..................
_..............._.
...._..._..._.....


There were no monsters in sight!

Vanquished Creatures
  Grinder (D:4)
  An ogre (D:5)
  3 big kobolds (Sewer)
  A scorpion (D:6)
  3 crimson imps
  A jelly (D:5)
  2 orc priests (D:4)
  A bullfrog skeleton (D:5)
  2 orc wizards
  5 worker ants
  6 gnolls
  5 adders
  A river rat (D:3)
  3 oozes
  An adder skeleton (D:6)
  5 worms
  A dart slug (D:3)
  6 leopard geckos
  11 orcs
  6 giant cockroaches
  7 goblins
  11 hobgoblins
  12 jackals
  2 quokkas (D:2)
  6 ball pythons
  10 bats
  4 frilled lizards
  17 kobolds
  9 rats
143 creatures vanquished.

Notes
Turn   | Place    | Note
-------+----------+-------------------------------------------
     0 | D:1      | Revguard the Barachi Fighter began the quest for the Orb.
     0 | D:1      | Reached XP level 1. HP: 18/18 MP: 1/1
   250 | D:1      | Reached XP level 2. HP: 21/25 MP: 2/2
   819 | D:1      | Reached XP level 3. HP: 12/30 MP: 3/3
  1400 | D:2      | Reached skill level 1 in Dodging
  1431 | D:2      | Reached XP level 4. HP: 18/37 MP: 4/4
  1437 | D:2      | Reached skill level 3 in Maces & Flails
  2139 | D:2      | Found a snail-covered altar of Cheibriados.
  2139 | D:2      | Found a deep blue altar of Sif Muna.
  2147 | D:2      | Became a worshipper of Cheibriados the Contemplative
  2338 | D:3      | Reached XP level 5. HP: 32/43 MP: 5/5
  2398 | D:3      | Found a glowing drain.
  2429 | Sewer    | Entered a sewer
  2608 | Sewer    | Reached * piety under Cheibriados
  2671 | Sewer    | Reached skill level 4 in Maces & Flails
  2691 | Sewer    | Noticed a big kobold
  2704 | Sewer    | Killed a big kobold
  2704 | Sewer    | Reached XP level 6. HP: 29/49 MP: 6/6
  3020 | D:3      | Reached skill level 5 in Maces & Flails
  3064 | D:3      | Reached ** piety under Cheibriados
  3313 | D:4      | Found Fimin's Assorted Antiques.
  3340 | D:4      | Reached skill level 5 in Armour
  3345 | D:4      | HP: 1/49 [orc/+0 trident (4)]
  3356 | D:4      | Reached XP level 7. HP: 19/55 MP: 7/7
  3362 | D:4      | Reached skill level 5 in Shields
  3754 | D:4      | Noticed Grinder
  3776 | D:4      | Killed Grinder
  3776 | D:4      | Reached skill level 5 in Fighting
  3776 | D:4      | Reached skill level 6 in Maces & Flails
  4222 | D:5      | Entered Level 5 of the Dungeon
  4252 | D:5      | Reached XP level 8. HP: 51/62 MP: 8/8
  4441 | D:5      | Reached *** piety under Cheibriados
  5017 | D:6      | Reached skill level 7 in Maces & Flails
  5028 | D:6      | Found a staircase to the Ecumenical Temple.
  5135 | D:6      | Noticed a vampire
  5151 | D:6      | HP: 3/64 [something (5)]
  5152 | Temple   | Entered the Ecumenical Temple
  5153 | Temple   | Slain by a vampire

Skill      XL: |  1  2  3  4  5  6  7  8 |
---------------+-------------------------+-----
Armour         | 4 5 6 |  6.1
Dodging        | 1 2 |  2.2
Fighting       | 4 5 |  5.6
Maces & Flails | 3 4 5 6 7 |  7.1
Shields        | 4 5 6 |  6.1
Invocations    | |  0.1

Action                   |  1- 3 |  4- 6 |  7- 9 || total
-------------------------+-------+-------+-------++-------
Melee: Flail             |   161 |   228 |    83 ||   472
       Morningstar       |       |       |    69 ||    69
Invok: Bend Time         |       |     1 |       ||     1
       Temporal Distorti |       |       |     1 ||     1
 Abil: Hop               |       |     1 |       ||     1
  Use: Scroll            |     4 |     2 |     4 ||    10
       Potion            |     2 |    11 |     6 ||    19
  Eat: Chunk             |     2 |     6 |     3 ||    11
Armor: Scale mail        |   104 |       |       ||   104
       Chain mail        |    76 |   196 |    85 ||   357
Dodge: Dodged            |    75 |    79 |    44 ||   198
Block: Shield            |   135 |   181 |   113 ||   429
